 Dungeon Crawl Stone Soup version 0.26-a0-1126-g3318b609a0 (webtiles) character file.

Game seed: 57693954090781099

(classic levelgen) 72149 dududu the Hand of Fortune (level 15, 123/123 HPs)
             Began as a Demonspawn Gladiator on Apr 17, 2019.
             Was the Champion of Nemelex Xobeh.
             Got out of the dungeon alive.
             The game lasted 01:26:42 (25298 turns).

dududu the Hand of Fortune (Demonspawn Gladiator)  Turns: 25298, Time: 01:26:43

Health: 123/123    AC: 31    Str: 23    XL:     15   Next: 0%
Magic:  27/27      EV: 11    Int: 10    God:    Nemelex Xobeh [******]
Gold:   1180       SH:  7    Dex: 12    Spells: 8/14 levels left

rFire    + . .     SeeInvis .   E - +9 rapier of Cyozanel {elec, Str+3}
rCold    + . .     Faith    +   H - +2 buckler
rNeg     . . .     Spirit   .   O - +4 plate armour {Will+}
rPois    .         Reflect  .   (helmet restricted)
rElec    .         Harm     .   J - +2 cloak
rCorr    .         Rampage  .   (no gloves)
Will     ++++.                  (boots unavailable)
Stlth    ..........             R - amulet of faith
HPRegen  0.30/turn              p - +5 ring of protection
MPRegen  0.20/turn              B - ring "Varipik" {+Fly rC+ Will++ Dex-3 Stlth-}

@: no status effects
A: hooves 3, horns 1, molten scales 2, demonic guardian 2, fire resistance 1,
miasma immunity
a: Renounce Religion, Evoke Flight, Draw Escape, Draw Destruction, Draw
Summoning, Draw Stack, Triple Draw, Deal Four, Stack Five


You escaped.
You worshipped Nemelex Xobeh.
Nemelex Xobeh was exalted by your worship.
You visited 3 branches of the dungeon, and saw 22 of its levels.
You also visited: Ice Cave.

You collected 1837 gold pieces.
You spent 657 gold pieces at shops.

Inventory:

Hand Weapons
 a - a +0 trident
 j - a +2 whip of venom
 E - the +9 rapier of Cyozanel (weapon) {elec, Str+3}
   (You found it on level 6 of the Dungeon)

   Occasionally, upon striking a foe, it can discharge electrical energy and
   cause terrible harm.
   It affects your strength (+3).
Armour
 F - a +0 pair of boots
 H - a +2 buckler (worn)
 J - a +2 cloak (worn)
 O - a +4 plate armour of willpower (worn)
Jewellery
 f - an uncursed ring of protection from fire
 k - an uncursed ring of resist corrosion
 m - an uncursed ring of willpower
 p - a +5 ring of protection (left hand)
 B - the ring "Varipik" (right hand) {+Fly rC+ Will++ Dex-3 Stlth-}
   (You bought it in a shop on level 5 of the Dungeon)

   [ring of attention]

   It affects your dexterity (-3).
   It protects you from cold.
   It affects your willpower, your defense against some magical effects.
   It lets you fly.
   It makes you less stealthy.
 G - the ring of Modesty {*Drain rElec rN+ Str+4 Stlth+}
   (You found it on level 7 of the Dungeon)

   [ring of positive energy]

   It affects your strength (+4).
   It insulates you from electricity.
   It protects you from negative energy.
   It causes draining when unequipped.
   It makes you more stealthy.
 R - an amulet of faith (around neck)
Wands
 g - a wand of digging (10)
 K - a wand of acid (16) (quivered)
 M - a wand of removedness (3)
 P - a wand of disintegration (9)
 T - a wand of paralysis (24)
 U - a wand of iceblast (13)
 W - a wand of removedness (6)
Scrolls
 i - 4 scrolls of fear
 l - 3 scrolls of enchant weapon
 r - 2 scrolls of identify
 t - 10 scrolls of teleportation
 x - a scroll of magic mapping
 y - 7 scrolls of enchant armour
 z - 6 scrolls of amnesia
 C - 3 scrolls of immolation
 D - a scroll of fog
 I - 6 scrolls of remove curse
Potions
 b - 7 potions of flight
 d - 2 potions of might
 h - 3 potions of haste
 n - 3 potions of resistance
 o - 5 potions of lignification
 q - 7 potions of curing
 s - a potion of attraction
 u - 3 potions of berserk rage
 v - a potion of ambrosia
 w - 6 potions of heal wounds
 A - 3 potions of invisibility
 L - 7 potions of brilliance
 N - a potion of magic
 V - 2 potions of cancellation
Miscellaneous
 Q - a phial of floods
Comestibles
 e - 45 removed foods


   Skills:
 + Level 13.0 Fighting
 - Level 9.3 Polearms
 - Level 1.7 Throwing
 + Level 12.7 Armour
 + Level 8.0 Dodging
 - Level 5.8 Shields
 + Level 16.0 Invocations


You had 8 spell levels left.
You knew the following spells:

 Your Spells              Type           Power        Failure   Level
a - Blink                 Tloc           N/A          99%         2
b - Passage of Golubria   Tloc           N/A          100%        4

Your spell library contained the following spells:

 Spells                   Type           Power        Failure   Level
 Foxfire                  Conj/Fire      0%           98%         1
 Freeze                   Ice            0%           98%         1
 Magic Dart               Conj           0%           98%         1
 Pain                     Necr           0%           98%         1
 Call Imp                 Summ           0%           99%         2
 Slow                     Hex            0%           99%         2
 Conjure Flame            Conj/Fire      0%           100%        3
 Gell's Gravitas          Tloc           0%           100%        3
 Inner Flame              Hex/Fire       0%           100%        3
 Lesser Beckoning         Tloc           0%           100%        3
 Mephitic Cloud           Conj/Pois/Air  0%           100%        3
 Ozocubu's Armour         Ice            0%           100%        3
 Teleport Other           Tloc           0%           100%        3
 Vampiric Draining        Necr           0%           100%        3
 Hailstorm                Conj/Ice       0%           100%        4
 Ice Form                 Ice/Tmut       0%           100%        4
 Sticky Flame             Conj/Fire      0%           100%        4
 Summon Ice Beast         Ice/Summ       0%           100%        4
 Fireball                 Conj/Fire      0%           100%        5
 Metabolic Englaciation   Hex/Ice        0%           100%        5
 Summon Demon             Summ           0%           100%        5
 Summon Forest            Summ/Tloc      0%           100%        5
 Summon Mana Viper        Hex/Summ       0%           100%        5
 Freezing Cloud           Conj/Ice/Air   0%           100%        6
 Ozocubu's Refrigeration  Ice            0%           100%        6
 Shadow Creatures         Summ           N/A          100%        6
 Simulacrum               Ice/Necr       0%           100%        6


Dungeon Overview and Level Annotations

Branches:
Dungeon (15/15)            Temple (1/1) D:4            Lair (6/6) D:11
 Shoals (0/4) Lair:2        Snake (0/4) Lair:2        Slime (0/5) Lair:6
    Orc (0/2) D:9          Vaults (0/5) D:13         Depths (0/5) D:15

Altars:
Ashenzari
Cheibriados
Dithmenos
Elyvilon
Fedhas
Gozag
Hepliaklqana
Kikubaaqudgha
Makhleb
Nemelex Xobeh
Okawaru
Qazlal
Ru
Sif Muna
Trog
Uskayaw
Vehumet
Wu Jian
Xom
Yredelemnul
Zin
The Shining One
Beogh

Shops:
D:5 =   D:11 =   D:14 :

Annotations:
D:11 3 runed translucent doors
Lair:2 exclusion: obsidian statue
Lair:3 3 runed translucent doors, Feuff's ghost, journeyman MiFi
Lair:4 2 transporters, psellion's ghost, journeyman MiHu


Innate Abilities, Weirdness & Mutations

You have hooves in place of feet.
You are mostly covered in molten scales. (AC +3)
A demonic guardian rushes to your aid.
You are immune to miasma.
You have a pair of small horns on your head.
Your flesh is heat resistant. (rF+)


Message History

You see here a whip.
There is a stone staircase leading up here.
You climb upwards.
There is a stone staircase leading down here.
There is a stone staircase leading up, spattered with blood here.
You climb upwards.
There is a stone staircase leading down here.
There is a stone staircase leading up here.
You climb upwards.
There is a stone staircase leading down here.
There is a stone staircase leading up here.
You climb upwards.
There is a stone staircase leading down here.
There is a stone staircase leading up here.
You climb upwards.
There is a stone staircase leading down here.
There is an open door here.
There is a staircase leading out of the dungeon here.
Are you sure you want to leave the Dungeon?
This will make you lose the game!
You have escaped!

#######
#.....#
#..@..#
#.....#
#.###.#
#.#.#.#
#.###.#
#.....#
#.....#
#########
#.....#
#.......#
###'###


There were no monsters in sight!

Vanquished Creatures
  A frost giant (IceCv)
  4 hydras
  A vault guard (D:13)
  A rakshasa (D:14)
  A centaur warrior (D:13)
  Sonja (D:13)
  4 skeletal warriors
  A swamp dragon (D:13)
  Pikel (D:5)
  A wizard (D:13)
  4 ugly things (D:14)
  A manticore (Lair:6)
  A faun (D:14)
  9 elephants
  3 centaur zombies
  A torpor snail (Lair:5)
  A water nymph (D:14)
  4 cane toads
  3 black mambas
  2 gargoyles
  2 komodo dragons
  2 kobold demonologists
  A rime drake (Lair:6)
  A freezing wraith (D:14)
  A meliai (D:15)
  6 trolls
  13 polar bears
  4 hornets
  2 wind drakes (Lair:6)
  A blink frog (Lair:4)
  4 slime creatures (D:14)
  A meliai zombie (D:13)
  2 dream sheep (Lair:6)
  2 wraiths
  28 yaks
  2 wyverns
  3 basilisks
  A spriggan (Lair:4)
  8 humans (D:13)
  2 vampire mosquitoes (D:14)
  2 acid dragons (D:12)
  4 nagas (Lair:2)
  11 removed porcupines
  10 water moccasins
  2 hell hounds (D:12)
  A sky beast (D:15)
  A black bear (shapeshifter) (D:14)
  9 orc warriors
  3 ice beasts
  2 phantoms
  2 black bears
  A sky beast (shapeshifter) (D:15)
  A hornet zombie (D:14)
  2 removed slaves (D:5)
  3 eyes of draining
  7 ogres
  18 centaurs
  10 wolves (IceCv)
  8 removed crocodiles
  6 big kobolds
  14 bullfrogs
  3 scorpions
  A wyvern skeleton (D:14)
  5 killer bees
  7 electric eels
  3 howler monkeys
  6 crimson imps
  2 bullfrog zombies (D:13)
  8 hounds
  6 jellies
  6 centaur skeletons
  A gnoll shaman (D:9)
  7 orc priests
  11 orc wizards
  4 iguanas
  7 worker ants
  A killer bee zombie (D:10)
  4 hound skeletons
  A howler monkey zombie (D:6)
  A worker ant zombie (D:5)
  10 gnolls
  12 adders
  5 shadow imps
  A white imp (D:14)
  An ufetubus (D:9)
  2 oozes
  2 adder skeletons
  2 worms
  A ball lightning (IceCv)
  A dart slug (D:4)
  6 leopard geckos
  41 orcs
  2 ball pythons
  7 giant cockroaches
  4 goblins
  3 hobgoblins
  8 jackals
  17 kobolds
  5 quokkas
  6 bats
  10 frilled lizards
  A jackal skeleton (D:7)
  A leopard gecko skeleton (D:8)
  A quokka zombie (D:7)
  6 rats
  2 fungi
  2 plants (Lair:6)
491 creatures vanquished.

Vanquished Creatures (collateral kills)
  Azrael (D:12)
  3 hydras
  A merfolk avatar (Lair:6)
  A catoblepas (D:14)
  A death knight (D:14)
  A vampire mage (D:15)
  A two-headed ogre (D:15)
  2 death yaks (IceCv)
  3 skeletal warriors (D:15)
  An unseen horror (Lair:4)
  A wizard (D:13)
  A deep elf archer (D:13)
  A necromancer (D:15)
  A deep elf mage (D:15)
  3 ugly things (D:15)
  A manticore (D:12)
  A tengu skeleton (D:15)
  A black mamba (Lair:3)
  2 oklob plants (Lair:5)
  3 elephants
  A centaur zombie (D:15)
  A cane toad (Lair:6)
  A centaur skeleton (D:11)
  An ice statue (IceCv)
  An elf skeleton (D:15)
  2 kobold demonologists (D:15)
  2 komodo dragons (Lair:6)
  A komodo dragon (shapeshifter) (D:14)
  A freezing wraith (D:14)
  3 rime drakes
  A troll (D:10)
  A hornet (D:6)
  6 polar bears (IceCv)
  2 meliai (D:15)
  A wind drake (Lair:6)
  A deep troll zombie (D:15)
  2 dream sheep (Lair:6)
  A fire dragon zombie (D:15)
  A vampire (D:12)
  Sigmund (D:5)
  A spriggan (D:7)
  A wyvern (Lair:6)
  15 yaks
  A fire elemental (D:12)
  A basilisk (Lair:3)
  11 humans (D:13)
  Edmund (D:5)
  Duvessa (D:5)
  A water moccasin (Lair:6)
  A removed porcupine (Lair:4)
  A hell hound (D:12)
  2 orc warriors
  2 removed slaves (D:5)
  An ogre (D:7)
  8 wolves
  3 removed crocodiles
  A big kobold (D:7)
  A gnoll sergeant (D:8)
  A scorpion (D:5)
  Dowan (D:5)
  A howler monkey (D:3)
  An iguana (D:7)
  6 orcs
  A quokka (D:8)
  A bat (D:3)
  8 kobolds
  A plant (Lair:5)
135 creatures vanquished.

Vanquished Creatures (others)
  A cyclops (D:15)
  5 polar bears (IceCv)
  2 yaks (IceCv)
  A human (D:13)
  3 hell hounds (D:12)
  A wolf (IceCv)
  3 killer bees (D:12)
  2 ball lightnings
  10 fungi
  15 plants
  A withered plant (D:15)
44 creatures vanquished.

Grand Total: 670 creatures vanquished

Notes
Turn   | Place    | Note
-------+----------+-------------------------------------------
     0 | D:1      | dududu the Demonspawn Gladiator began the quest for the
                  | Orb.
     0 | D:1      | Reached XP level 1. HP: 16/16 MP: 1/1
   219 | D:1      | Gained mutation: A weak demonic guardian rushes to your
                  | aid. [demonic ancestry]
   219 | D:1      | Reached XP level 2. HP: 22/22 MP: 2/2
   657 | D:1      | Gained mutation: You have large cloven feet. [demonic
                  | ancestry]
   657 | D:1      | Reached XP level 3. HP: 27/27 MP: 3/3
  2005 | D:3      | Found a faded altar of an unknown god.
  2034 | D:3      | Gained mutation: You have hoof-like feet. [demonic
                  | ancestry]
  2034 | D:3      | Reached XP level 4. HP: 33/33 MP: 4/4
  2467 | D:3      | Noticed a bullfrog
  2471 | D:3      | Killed a bullfrog
  2471 | D:3      | Reached XP level 5. HP: 35/38 MP: 5/5
  2503 | D:3      | You fall through a shaft for 2 floors!
  2503 | D:5      | Entered Level 5 of the Dungeon
  2505 | D:5      | Noticed Pikel
  2505 | D:5      | Noticed a slave
  2514 | D:5      | Found a shimmering altar of Xom.
  2515 | D:5      | Found a shimmering altar of Xom.
  2524 | D:5      | Noticed a slave
  2524 | D:5      | Noticed a slave
  2526 | D:5      | Noticed a slave
  2540 | D:5      | Found a shimmering altar of Xom.
  2611 | D:5      | Killed a slave
  2616 | D:5      | Killed a slave
  2625 | D:5      | Killed a slave
  2630 | D:5      | Killed a slave
  2724 | D:5      | Reached skill level 5 in Polearms
  2786 | D:5      | Killed Pikel
  2786 | D:5      | Gained mutation: A demonic guardian rushes to your aid.
                  | [demonic ancestry]
  2786 | D:5      | Reached XP level 6. HP: 7/44 MP: 6/6
  2786 | D:5      | Gained mutation: You are immune to miasma. [demonic
                  | ancestry]
  2786 | D:5      | Reached XP level 7. HP: 8/50 MP: 7/7
  2807 | D:5      | Noticed Sigmund
  2817 | D:5      | Reached skill level 5 in Dodging
  2822 | D:5      | Killed Sigmund
  2977 | D:5      | Noticed Duvessa
  2978 | D:5      | Noticed Dowan
  2980 | D:5      | Killed Dowan
  2988 | D:5      | Killed Duvessa
  3193 | D:5      | Noticed Edmund
  3195 | D:5      | Found a blossoming altar of Fedhas.
  3244 | D:5      | Killed Edmund
  3244 | D:5      | Reached XP level 8. HP: 55/56 MP: 8/8
  3641 | D:4      | Found an ornate altar of the Wu Jian Council.
  3805 | D:4      | Found a staircase to the Ecumenical Temple.
  3813 | Temple   | Entered the Ecumenical Temple
  4693 | D:5      | Found a shimmering altar of Xom.
  4828 | D:5      | Found an ancient bone altar of Kikubaaqudgha.
  4829 | D:5      | Found a sacrificial altar of Ru.
  4829 | D:5      | Found a deep blue altar of Sif Muna.
  4830 | D:5      | Found a sparkling altar of Nemelex Xobeh.
  4966 | D:5      | Became a worshipper of Nemelex Xobeh the Trickster
  5016 | D:5      | Reached skill level 1 in Invocations
  5018 | D:5      | Found Doc Mimi's Jewellery Shop.
  5026 | D:5      | Bought the ring "Varipik" {+Fly rC+ MR++ Dex-3 Stlth-} for
                  | 257 gold pieces
  5121 | D:5      | Received a gift from Nemelex Xobeh
  5281 | D:6      | Noticed Prince Ribbit
  5283 | D:6      | Noticed Prince Ribbit
  5283 | D:6      | Prince Ribbit changed into Prince Ribbit the hornet
  5283 | D:6      | Killed Prince Ribbit the hornet
  5283 | D:6      | Reached skill level 2 in Invocations
  5515 | D:6      | Reached skill level 3 in Invocations
  5793 | D:6      | Reached * piety under Nemelex Xobeh
  5917 | D:6      | Got a faintly glowing rapier
  6420 | D:6      | Identified the +9 rapier of Cyozanel {elec, Str+3} (You
                  | found it on level 6 of the Dungeon)
  6444 | D:7      | Gained mutation: You are partially covered in molten
                  | scales. (AC +2) [demonic ancestry]
  6444 | D:7      | Reached XP level 9. HP: 60/65 MP: 11/11
  6717 | D:7      | Reached skill level 4 in Invocations
  6723 | D:7      | Received a gift from Nemelex Xobeh
  7068 | D:7      | Reached skill level 5 in Invocations
  7090 | D:7      | Got a scintillating turquoise ring
  7091 | D:7      | Identified the ring of Modesty {*Drain rElec rN+ Str+4
                  | Stlth+} (You found it on level 7 of the Dungeon)
  7156 | D:7      | Reached skill level 5 in Fighting
  7280 | D:7      | Reached skill level 6 in Invocations
  7471 | D:7      | Found a shadowy altar of Dithmenos.
  7510 | D:7      | Reached ** piety under Nemelex Xobeh
  7675 | D:7      | Received a gift from Nemelex Xobeh
  7743 | D:8      | Reached skill level 7 in Invocations
  8162 | D:8      | Reached skill level 8 in Invocations
  8807 | D:8      | Reached skill level 1 in Shields
  8842 | D:8      | Reached XP level 10. HP: 67/77 MP: 16/16
  9547 | D:9      | Received a gift from Nemelex Xobeh
  9773 | D:9      | Reached *** piety under Nemelex Xobeh
  9977 | D:9      | Found a roughly hewn altar of Beogh.
  9977 | D:9      | Found a staircase to the Orcish Mines.
 10164 | D:9      | Found a shattered altar of Ashenzari.
 10277 | D:10     | Entered Level 10 of the Dungeon
 10378 | D:10     | Reached skill level 9 in Invocations
 10449 | D:10     | Received a gift from Nemelex Xobeh
 10467 | D:10     | Reached XP level 11. HP: 84/84 MP: 17/17
 11021 | D:11     | Found a runed translucent gate.
 11021 | D:11     | Found a runed translucent gate.
 11021 | D:11     | Found a runed translucent gate.
 11022 | D:11     | Noticed a cyan ugly thing
 11024 | D:11     | Noticed a brown very ugly thing
 11024 | D:11     | Noticed a glowing orange brain
 11025 | D:11     | Noticed a purple ugly thing
 11025 | D:11     | Noticed a brown ugly thing
 11025 | D:11     | Noticed a purple ugly thing
 11079 | D:11     | Found Ocock's Jewellery Boutique.
 11088 | D:11     | Reached **** piety under Nemelex Xobeh
 11296 | D:11     | Received a gift from Nemelex Xobeh
 11303 | D:11     | Found a staircase to the Lair.
 11499 | D:11     | Reached skill level 5 in Shields
 11956 | Lair:1   | Entered Level 1 of the Lair of Beasts
 11974 | Lair:1   | Received a gift from Nemelex Xobeh
 12175 | Lair:1   | Reached skill level 10 in Invocations
 12195 | Lair:1   | Received a gift from Nemelex Xobeh
 12497 | D:5      | Bought an uncursed amulet of faith for 400 gold pieces
 12915 | Lair:2   | Received a gift from Nemelex Xobeh
 12925 | Lair:2   | Found a staircase to the Shoals.
 13109 | Lair:2   | Reached XP level 12. HP: 72/94 MP: 19/19
 13210 | Lair:2   | You fall through a shaft!
 13691 | Lair:3   | Found a stormy altar of Qazlal.
 13694 | Lair:3   | Reached ***** piety under Nemelex Xobeh
 13958 | Lair:2   | Found a staircase to the Snake Pit.
 14141 | Lair:2   | Received a gift from Nemelex Xobeh
 14586 | Lair:2   | Gained mutation: Potions are less effective at restoring
                  | your health. [a neqoxec]
 14588 | Lair:2   | Lost mutation: Potions are less effective at restoring your
                  | health. [potion of mutation]
 14588 | Lair:2   | Gained mutation: You have a pair of small horns on your
                  | head. [potion of mutation]
 14588 | Lair:2   | Gained mutation: Your flesh is heat resistant. (rF+)
                  | [potion of mutation]
 14718 | Lair:2   | Got a steaming dagger
 14733 | Lair:2   | Got a glittering lead ring
 14790 | Lair:3   | Found a runed translucent gate.
 14790 | Lair:3   | Found a runed translucent gate.
 14795 | Lair:3   | Noticed Feuff's ghost (journeyman MiFi)
 14925 | Lair:3   | Identified the ring "Taovic" {*Tele Dex+5} (You found it on
                  | level 2 of the Lair of Beasts)
 15008 | Lair:3   | Received a gift from Nemelex Xobeh
 15009 | Lair:3   | Found a runed translucent gate.
 15286 | Lair:4   | Found a transporter.
 15286 | Lair:4   | Found a transporter.
 15290 | Lair:4   | Noticed psellion's ghost (journeyman MiHu)
 15317 | Lair:4   | Reached skill level 11 in Invocations
 15412 | Lair:4   | Noticed a seven-headed hydra
 15423 | Lair:4   | Killed a seven-headed hydra
 15514 | Lair:4   | Identified the +9 dagger "Dragonslayer" {pierce, +Rage}
                  | (You found it on level 2 of the Lair of Beasts)
 15743 | Lair:4   | Received a gift from Nemelex Xobeh
 16003 | Lair:4   | Received a gift from Nemelex Xobeh
 16406 | Lair:5   | Received a gift from Nemelex Xobeh
 16411 | Lair:5   | Found a frozen archway.
 16424 | IceCv    | Entered an ice cave
 16647 | IceCv    | Reached ****** piety under Nemelex Xobeh
 16660 | IceCv    | Reached skill level 12 in Invocations
 16682 | IceCv    | Reached skill level 10 in Armour
 16696 | IceCv    | Reached skill level 10 in Fighting
 16970 | IceCv    | Noticed a death yak
 16970 | IceCv    | Noticed a death yak
 16977 | IceCv    | Killed a death yak
 16977 | IceCv    | Gained mutation: You are mostly covered in molten scales.
                  | (AC +3) [demonic ancestry]
 16977 | IceCv    | Reached XP level 13. HP: 104/104 MP: 22/22
 17115 | IceCv    | Noticed a frost giant
 17116 | IceCv    | Killed a frost giant
 17116 | IceCv    | Reached skill level 13 in Invocations
 17509 | Lair:5   | Received a gift from Nemelex Xobeh
 17997 | Lair:5   | Received a gift from Nemelex Xobeh
 18044 | Lair:5   | Identified the Collected Works on Black Magic and the
                  | Snowflakes
 18642 | Lair:6   | Entered Level 6 of the Lair of Beasts
 18735 | Lair:6   | Found a staircase to the Slime Pits.
 18868 | Lair:6   | Received a gift from Nemelex Xobeh
 19064 | Lair:6   | Reached skill level 14 in Invocations
 19194 | Lair:6   | Received a gift from Nemelex Xobeh
 20089 | Lair:6   | Received a gift from Nemelex Xobeh
 20211 | Lair:6   | Learned a level 2 spell: Blink
 20216 | Lair:6   | Learned a level 4 spell: Passage of Golubria
 20581 | D:12     | Received a gift from Nemelex Xobeh
 20587 | D:12     | Gained mutation: You have hooves in place of feet. [demonic
                  | ancestry]
 20587 | D:12     | Reached XP level 14. HP: 114/114 MP: 24/24
 20897 | D:12     | Noticed Azrael
 20910 | D:12     | Killed Azrael
 21092 | D:12     | Received a gift from Nemelex Xobeh
 21614 | D:12     | Received a gift from Nemelex Xobeh
 21861 | D:13     | Noticed Sonja
 21866 | D:13     | Killed Sonja
 21981 | D:13     | Reached skill level 15 in Invocations
 22014 | D:13     | Found a gate to the Vaults.
 22570 | D:13     | Received a gift from Nemelex Xobeh
 23050 | D:14     | Found Niurgh's Book Boutique.
 23372 | D:14     | Received a gift from Nemelex Xobeh
 23804 | D:15     | Entered Level 15 of the Dungeon
 24028 | D:14     | Identified the -1 trident "Zimut" {drain, Int+6 SInv}
 24249 | D:15     | Received a gift from Nemelex Xobeh
 24267 | D:15     | Found a staircase to the Depths.
 24622 | D:15     | Reached skill level 16 in Invocations
 24835 | D:15     | Received a gift from Nemelex Xobeh
 24902 | D:15     | Reached XP level 15. HP: 123/123 MP: 27/27
 25032 | D:15     | Upgraded the game from 0.24-a0-252-g5076262 to
                  | 0.26-a0-1126-g3318b609a0
 25298 | D:$      | Got out of the dungeon alive.

Illustrated notes

Levels and vault maps discovered:
D:1:      nicolae_arrival_memento_mori, layout_basic, minmay_misc_feat_tiny,
          minmay_crystal_room, supply_closet_lemuel
D:2:      layout_basic, first_ration
D:3:      layout_loops_ring, chequers_ecumenical_altar_simple
D:4:      layout_cave_pods, lemuel_doored_altar,
          minmay_temple_entry_statues_fountains
D:5:      layout_cave_pools, fedhas_altar_1,
          chequers_temple_overflow_statue_of_worship, serial_shops, shop_statue,
          xom_redecorated, uniq_duvessa, uniq_sigmund, uniq_pikel, uniq_edmund
D:6:      layout_loops_ring, uniq_prince_ribbit1
D:7:      minmay_octagon_keep, layout_basic, grunt_dithmenos_smoke, the_bakery,
          serial_bayou_pond_c, minmay_misc_feat_roman
D:8:      layout_basic, hangedman_decor_slide_cut, minivault_5
D:9:      layout_cave_pools, kennysheep_mini, david_orc_5, minmay_misc_feat_five
D:10:     nicolae_whirlpool, layout_small_grid
D:11:     layout_roguey, lair_entry_dummy,
          ploomutoo_gammafunk_ghost_potion_laboratory, serial_shops,
          nicolae_shop_stone
D:12:     layout_stronghold, skrybe_limestone_x, minmay_radiant, uniq_azrael
D:13:     layout_roguey, grunt_vaults_entry_tiered,
          chequers_hall_statues_corner_a, uniq_sonja
D:14:     layout_roguey, grunt_decor_fettered, serial_shops,
          nicolae_shop_temple_entry_statues_fountains
D:15:     gammafunk_depths_entry_grave, layout_cave_pools,
          corexii_leaking_fountain
Temple:   minmay_temple_curvy_branch
Lair:1:   layout_concentric_octagons, infiniplex_staircase_pool,
          grunt_megastairs_5
Lair:2:   statuecave_lemuel, layout_hall_layers, minmay_shoals_entry_centaurs,
          minmay_snake_entry_guardpost_small, chequers_serial_rivers_small_a
Lair:3:   layout_regular_city, basic_altar, gammafunk_ghost_necromancy,
          lemuel_fruit_tree
Lair:4:   layout_roguey, gammafunk_ghost_hive, grunt_megastairs_2
Lair:5:   layout_big_grid, serial_bayou, serial_bayou_lagoon_b,
          serial_bayou_shore_a, serial_bayou_crossing, serial_bayou_pond_d,
          serial_bayou_pond_a, portal_ice_cave_rime, minmay_lair_oklob_chamber,
          serial_bayou_shore_b
Lair:6:   gammafunk_lair_ancient_temple, layout_small_grid, slime_dummy,
          minivault_24
IceCv:    ice_cave_caverns_01

Skill      XL: |  1  2  3  4  5  6  7  8  9 10 11 12 13 14 |
---------------+-------------------------------------------+-----
Polearms       | 3 4 6 7 9 |  9.3
Dodging        | 3 4 5 8 |  8.0
Fighting       | 4 6 7 8 10 11 13 | 13.0
Invocations    | 3 8 9 10 12 14 16 | 16.0
Shields        | 1 3 5 |  5.8
Armour         | 8 10 11 12 | 12.7
Throwing       | |  1.7

Action                   |  1- 3 |  4- 6 |  7- 9 | 10-12 | 13-15 || total
-------------------------+-------+-------+-------+-------+-------++-------
Melee: Trident           |    37 |       |       |       |       ||    37
       Whip              |    51 |    81 |   226 |       |       ||   358
       Kick              |     6 |    24 |    50 |       |    98 ||   178
       Rapier            |       |       |   133 |   539 |   498 ||  1170
       Headbutt          |       |       |       |    34 |   107 ||   141
Throw: Throwing net      |       |     4 |     1 |       |       ||     5
Invok: Deal Four         |       |       |       |       |     1 ||     1
       Stack Five        |       |       |       |       |     1 ||     1
 Abil: Draw Destruction  |       |       |     4 |    28 |    37 ||    69
       Draw Summoning    |       |       |       |     3 |    11 ||    14
       Draw Escape       |       |       |       |     2 |       ||     2
       Draw Stack        |       |       |       |       |     2 ||     2
Evoke: Wand              |       |       |     4 |     4 |     5 ||    13
  Use: Potion            |       |     1 |     3 |     3 |       ||     7
       Scroll            |       |       |    13 |    15 |     3 ||    31
 Stab: Held in net/web   |       |     3 |       |       |       ||     3
       Distracted        |       |     1 |       |       |     2 ||     3
       Invisible         |       |       |     3 |       |       ||     3
       Petrified         |       |       |       |       |     2 ||     2
       Paralysed         |       |       |       |       |     2 ||     2
  Eat: Removed food      |     3 |     3 |    16 |    20 |    17 ||    59
       Removed food      |       |       |     1 |     2 |     3 ||     6
Armor: Ring mail         |    18 |    14 |   100 |    44 |       ||   176
       Leather armour    |     2 |       |       |       |       ||     2
       Plate armour      |       |       |       |   292 |   348 ||   640
Dodge: Dodged            |    43 |    29 |   234 |   263 |   189 ||   758
Block: Buckler           |       |       |     2 |   223 |   182 ||   407

Table legend: (Time is in decaauts)
 A = Elapsed time spent in this place.
 B = Non-inter-level travel time spent in this place.
 C = Inter-level travel time spent in this place.
 D = Time resting spent in this place.
 E = Time spent auto-exploring this place.
 F = Levels seen in this place.
 G = Mean time per level.
                   A        B        C        D        E       F      G
               +--------+--------+--------+--------+--------+-----+--------+
         Total |  25695 |  24363 |   1332 |   2188 |  16228 |  23 | 1117.2 |
       Dungeon |  16987 |  15966 |   1021 |   1534 |  10627 |  15 | 1132.5 |
        Temple |    227 |    223 |      4 |      0 |    220 |   1 |  227.0 |
          Lair |   7672 |   7365 |    307 |    532 |   5121 |   6 | 1278.7 |
      Ice Cave |    806 |    806 |      0 |    122 |    260 |   1 |  806.0 |
               +--------+--------+--------+--------+--------+-----+--------+

Top non-repeatable levels by time:
     D:3: 29 daAuts
     D:2: 29 daAuts
    D:13: 24 daAuts
    D:12: 23 daAuts
    D:10: 21 daAuts
    D:15: 20 daAuts
    D:11: 18 daAuts
     D:6: 17 daAuts
     D:5: 16 daAuts
     D:7: 13 daAuts
    D:14: 13 daAuts
     D:1: 13 daAuts
     D:8: 11 daAuts
     D:4: 10 daAuts
     D:9: 9 daAuts
Note: time per level data comes from an upgraded game and may be incomplete.
